 Dungeon Crawl Stone Soup version 0.31.0-4-g52a2dc7128 (webtiles) character file.

Game seed: 14170461378142855391

30509 groovy9 the Thaumaturge (level 13, -1/100 HPs)
             Began as a Djinni Conjurer on Jan 23, 2024.
             Was a High Priest of Makhleb.
             Killed from afar by an oklob plant (19 damage)
             ... with a splash of acid
             ... on level 4 of the Lair of Beasts.
             The game lasted 00:58:01 (13490 turns).

groovy9 the Thaumaturge (Djinni Conjurer)          Turns: 13490, Time: 00:58:02

Health: -1/100     AC: -6    Str:  6    XL:     13   Next: 89%
Gold:   866        EV: 14    Int: 25    God:    Makhleb [*****.] SH:  5 Dex: 12

rFire   + + .        t - +2 war axe (vamp)
rCold   x . .        w - orb {mayhem}
rNeg    . . .        l - +0 troll leather armour
rPois   ∞            n - +1 helmet
rElec   .            j - +0 cloak
rCorr   .            (no gloves)
SInv    +            (boots unavailable)
Will    +....        C - amulet of reflection
Stlth   +            y - +4 ring of slaying
HPRegen 1.16/turn    H - ring of see invisible
MPRegen 0.00/turn

%: mayhem, reflection, infuse magic (-2 HP)
@: corroded, flying
A: sickness immunity, fire resistance 2, cold vulnerability 1, float, innate
caster, HP casting, extra vitality 1
a: Renounce Religion, Minor Destruction, Lesser Servant of Makhleb, Major
Destruction, Greater Servant of Makhleb


You were on level 4 of the Lair of Beasts.
You worshipped Makhleb.
Makhleb was extremely pleased with you.
You visited 3 branches of the dungeon, and saw 15 of its levels.
You also visited: Bailey.

You collected 1039 gold pieces.
You spent 173 gold pieces at shops.

Inventory:

Hand Weapons
 f - a +4 quarterstaff of venom
 t - a +2 vampiric war axe (weapon)
Missiles
 u - 17 boomerangs
Armour
 j - a +0 cloak (worn)
 l - a +0 troll leather armour (worn)
 n - a +1 helmet (worn)
 w - an orb of mayhem (worn)
 P - a +2 robe of cold resistance
Magical Staves
 k - a staff of cold
 K - a staff of cold
Jewellery
 y - a +4 ring of slaying (left hand)
 C - an amulet of reflection (around neck)
 H - a ring of see invisible (right hand)
Wands
 c - a wand of iceblast (37)
 g - a wand of digging (10)
 z - a wand of mindburst (8)
 J - a wand of flame (5)
 L - a wand of polymorph (11)
 Q - a wand of acid (3)
Scrolls
 a - a scroll of enchant armour
 b - 4 scrolls of immolation
 d - 5 scrolls of vulnerability
 h - 9 scrolls of teleportation
 o - a scroll of fog
 v - 2 scrolls of revelation
 A - a scroll of brand weapon
 B - 3 scrolls of fear
 D - a scroll of summoning {unknown}
 G - 3 scrolls of poison
 N - a scroll of silence {unknown}
 O - a scroll of blinking {unknown}
Potions
 e - a potion of curing
 i - 3 potions of magic
 m - 7 potions of ambrosia
 p - 5 potions of haste
 q - 4 potions of might
 r - a potion of brilliance
 s - a potion of degeneration {unknown}
 x - 2 potions of mutation {unknown}
 E - a potion of experience {unknown}
 F - 4 potions of cancellation
 I - 4 potions of heal wounds
 M - 2 potions of enlightenment
 R - a potion of resistance {unknown}
 T - a potion of lignification {unknown}
Miscellaneous
 S - a phial of floods


   Skills:
 + Level 11.6 Fighting
 + Level 9.2 Dodging
 - Level 1.5 Stealth
 * Level 13.4 Spellcasting
 * Level 13.4 Conjurations
 * Level 13.4 Hexes
   Level 0.0 Charms
 * Level 13.4 Summonings
 * Level 13.4 Necromancy
 * Level 13.4 Translocations
   Level 0.0 Transmutations
 * Level 13.4 Fire Magic
 * Level 13.4 Ice Magic
 * Level 13.4 Air Magic
 * Level 13.4 Earth Magic
 * Level 13.4 Alchemy
 + Level 6.8 Invocations


You knew the following spells:

 Your Spells              Type           Power      Damage    Failure   Level
a - Magic Dart            Conj           100%       1d8       1%          1
b - Searing Ray           Conj           100%       2d8       1%          2
c - Fulminant Prism       Conj/Alch      35%        3d17      1%          4
d - Iskenderun's Mystic   Conj/Tloc      71%        2d14      1%          4
e - Freeze                Ice            100%       1d10      1%          1
f - Call Imp              Summ           100%       N/A       1%          2
g - Mercury Vapours       Alch/Air       100%       N/A       1%          2
h - Summon Blazeheart Go  Fire/Summ      71%        N/A       1%          4
i - Irradiate             Conj/Alch      35%        3d23      1%          5
j - Summon Mana Viper     Hex/Summ       71%        N/A       1%          5
Your spell library was empty.

Dungeon Overview and Level Annotations

Branches:
Dungeon (10/15)            Temple (1/1) D:6            Lair (4/5) D:10
 Shoals (0/4) Lair:3       Spider (0/4) Lair:2        Slime (0/5) Lair:4
 Bailey (visited)
    Orc: D:9-12

Altars:
Ashenzari
Cheibriados
Dithmenos
Elyvilon
Fedhas
Gozag
Hepliaklqana
Makhleb
Nemelex Xobeh
Okawaru
Qazlal
Ru
Trog
Uskayaw
Wu Jian
Xom
Yredelemnul
Zin
The Shining One

Shops:
D:1 (:*   D:2 ?   D:4 (   D:9 =

Annotations:
Lair:4 exclusion: oklob plant


Innate Abilities, Weirdness & Mutations

You are immune to sickness and miasma.
You are immune to poison.
Your flesh is very heat resistant. (rF++)
You are vulnerable to cold. (rC-)
You float through the air rather than walking.
You learn spells naturally, not from books.
Your magical power is your life essence.
You have superior vitality. (+4 MHP)


Message History

The bullfrog is severely wounded.
The bullfrog hits you.
Casting: Searing Ray (safe; 1% risk of failure)
Confirm with . or Enter, or press ? or * to list all spells.
You erupt in a blast of force!
The mystic blast hits the bullfrog!
You kill the bullfrog!
Makhleb accepts your kill.
You see here a bullfrog corpse.
You see here a bullfrog corpse.
There is a stone staircase leading down here.
Partly explored, can't reach some places.
Unknown command.
Casting: Iskenderun's Mystic Blast (safe; 1% risk of failure)
Confirm with . or Enter, or press ? or * to list all spells.
Aiming: Fulminant Prism (safe; 1% risk of failure)
Press: ? - help, Dir - move target
Okay, then.
Casting: Fulminant Prism (safe; 1% risk of failure)
Confirm with . or Enter, or press ? or * to list all spells.
Aiming: Fulminant Prism (safe; 1% risk of failure)
Press: ? - help, Dir - move target You conjure a prism of explosive energy!
A fulminant prism comes into view.
The oklob plant spits acid at you. The splash of acid hits you!
Your fulminant prism crackles loudly.
The oklob plant spits acid at you. The splash of acid hits you!!
The acid corrodes you!
Your fulminant prism explodes!
The oklob plant spits acid at you. The splash of acid hits you!!
The acid corrodes you! The oklob plant spits acid at you.
The splash of acid hits you!!
* * * LOW HITPOINT WARNING * * *
The acid corrodes you!
Okay, then.
As you read the scroll of fog, it dissolves into smoke.
The oklob plant spits acid at you. The splash of acid hits you!!
You die...

##..#### ##.#.##
##......# ##.#.#.#
#.......####.......
#........##.#.#.#.#
#..##....#.........
#...##....#.#.#.#.#
#.§.##....#........
#§§§####....#.#.#.#
#§@§.# #....##.#.##
#§§§§# ##...##.####
##..§.# ##.###..##.
.....# #..###...##
###.....#####....##
#..>.## ###.#.#
#P...# ######.##.
...## #...#..##.
##........


You could see an oklob plant.

Vanquished Creatures
  2 vault guards (Bailey)
  Fannar (D:10)
  Harold (Lair:2)
  2 hydras
  Sonja (D:10)
  A skyshark (Lair:2)
  Maurice (D:7)
  4 elephants (Lair:4)
  Joseph (D:7)
  6 black mambas
  A torpor snail (Lair:2)
  5 cane toads
  Maggie (D:7)
  4 rime drakes
  3 komodo dragons
  2 polar bears
  3 merfolk (Lair:3)
  2 trolls
  A queen bee (Lair:1)
  7 dream sheep (Lair:3)
  Prince Ribbit (Bailey)
  7 blink frogs
  A shadow (D:9)
  5 wyverns
  3 culicivoras (Lair:2)
  3 basilisks
  19 yaks
  3 humans (Bailey)
  An acid dragon (D:10)
  14 water moccasins
  Pargi (D:3)
  8 orc warriors
  An ice beast (D:8)
  A black bear (Lair:2)
  An ogre (D:6)
  11 wolves
  4 centaurs
  2 phantoms
  2 kobold brigands (D:9)
  A gnoll sergeant (D:8)
  13 bullfrogs
  A scorpion (D:4)
  5 wights (D:9)
  21 killer bees
  5 howler monkeys
  5 orc priests
  A jelly (D:7)
  Crazy Yiuf (D:2)
  A bombardier beetle (D:5)
  3 hounds
  Terence (D:2)
  3 iguanas
  6 orc wizards
  Robin (D:3)
  6 adders
  6 gnolls
  2 ufetubi (D:6)
  3 dart slugs
  A ribbon worm (D:2)
  34 orcs
  4 bats
  4 endoplasms
  8 giant cockroaches
  13 goblins
  14 hobgoblins
  13 kobolds
  4 quokkas
  7 ball pythons
  A frilled lizard (D:1)
  5 rats
330 creatures vanquished.

Vanquished Creatures (collateral kills)
  A blink frog (Lair:3)
  2 yaks
  3 wyverns
  Grum (Lair:1)
  A wolf (Lair:1)
  A bullfrog (Bailey)
  3 killer bees (Lair:1)
  A howler monkey (D:8)
  An orc priest (D:10)
  An orc wizard (D:10)
  5 orcs
  2 kobolds (D:9)
  3 fulminant prisms
25 creatures vanquished.

Vanquished Creatures (others)
  2 yaks (Lair:1)
  A wyvern (D:10)
  A bullfrog (Bailey)
  An orc (D:9)
  2 blazeheart cores
  60 fulminant prisms
67 creatures vanquished.

Grand Total: 422 creatures vanquished

Notes
Turn   | Place    | Note
-------+----------+-------------------------------------------
     0 | D:1      | groovy9 the Djinni Conjurer began the quest for the Orb.
     0 | D:1      | groovy9 set off with the following spells memorised: Magic
                  | Dart, Searing Ray, Fulminant Prism, Iskenderun's Mystic
                  | Blast.
     0 | D:1      | Reached XP level 1. HP: 15/15 MP: 0/0
    35 | D:1      | Found Paequity's Book Shop.
    35 | D:1      | Noticed a walking frostbound tome
    35 | D:1      | Noticed a walking frostbound tome
    57 | D:1      | Reached XP level 2. HP: 15/22 MP: 0/0
   113 | D:1      | Found Zyisupugh's Antique Weapon Boutique.
   296 | D:1      | Found Zucwue Suud's Assorted Antiques.
   427 | D:1      | Reached skill level 1 in Fighting
   474 | D:1      | Reached XP level 3. HP: 26/27 MP: 0/0
   474 | D:1      | Learned a level 1 spell: Freeze
   648 | D:1      | Found a faded altar of an unknown god.
   816 | D:1      | Bought a scroll labelled SENITH QABRIA for 30 gold pieces
   816 | D:1      | Bought a scroll labelled DUONWUOFE for 30 gold pieces
  1106 | D:2      | Noticed Terence
  1113 | D:2      | Killed Terence
  1114 | D:2      | Reached XP level 4. HP: 26/33 MP: 0/0
  1358 | D:2      | Found a runed translucent door.
  1359 | D:2      | Noticed Crazy Yiuf
  1365 | D:2      | Killed Crazy Yiuf
  1472 | D:2      | Found Zisohull's Magic Scroll Boutique.
  1480 | D:2      | Bought a scroll of identify for 28 gold pieces
  1482 | D:2      | Bought a scroll of identify for 28 gold pieces
  1507 | D:2      | Reached XP level 5. HP: 31/38 MP: 0/0
  1507 | D:2      | Learned a level 2 spell: Call Imp
  2017 | D:3      | Noticed Robin
  2022 | D:3      | Killed Robin
  2191 | D:3      | Found an ornate altar of the Wu Jian Council.
  2297 | D:3      | Noticed Pargi
  2314 | D:3      | Killed Pargi
  2315 | D:3      | Reached skill level 5 in Spellcasting
  2315 | D:3      | Reached skill level 5 in Conjurations
  2315 | D:3      | Reached skill level 5 in Hexes
  2315 | D:3      | Reached skill level 5 in Summonings
  2315 | D:3      | Reached skill level 5 in Necromancy
  2315 | D:3      | Reached skill level 5 in Translocations
  2315 | D:3      | Reached skill level 5 in Fire Magic
  2315 | D:3      | Reached skill level 5 in Ice Magic
  2315 | D:3      | Reached skill level 5 in Air Magic
  2315 | D:3      | Reached skill level 5 in Earth Magic
  2315 | D:3      | Reached skill level 5 in Alchemy
  2315 | D:3      | Reached XP level 6. HP: 24/46 MP: 0/0
  3245 | D:4      | Found Plog's Antique Weapon Boutique.
  3384 | D:4      | Reached XP level 7. HP: 46/50 MP: 0/0
  3384 | D:4      | Learned a level 2 spell: Mercury Vapours
  3726 | D:5      | Entered Level 5 of the Dungeon
  4088 | D:5      | Found a broken altar of Ashenzari.
  4345 | D:5      | Found a stormy altar of Qazlal.
  4688 | D:6      | Noticed a water moccasin
  4694 | D:6      | Killed a water moccasin
  4695 | D:6      | Reached XP level 8. HP: 46/58 MP: 0/0
  5065 | D:6      | Found a staircase to the Ecumenical Temple.
  5074 | Temple   | Entered the Ecumenical Temple
  5085 | Temple   | Became a worshipper of Makhleb the Destroyer
  5484 | D:7      | Noticed Maggie
  5496 | D:7      | Killed Maggie
  5497 | D:7      | Reached skill level 5 in Fighting
  5689 | D:7      | You are sucked into a shaft and drop 2 floors!
  5754 | D:9      | Noticed a troll
  5770 | D:9      | Killed a troll
  5771 | D:9      | Reached XP level 9. HP: 42/65 MP: 0/0
  5771 | D:9      | Learned a level 4 spell: Summon Blazeheart Golem
  6126 | D:9      | Found Hiutuuno's Jewellery Shoppe.
  6374 | D:9      | Reached * piety under Makhleb
  6666 | D:9      | Reached XP level 10. HP: 73/75 MP: 0/0
  6760 | D:10     | Entered Level 10 of the Dungeon
  6824 | D:10     | Noticed Sonja
  6831 | D:10     | Reached skill level 10 in Spellcasting
  6831 | D:10     | Reached skill level 10 in Conjurations
  6831 | D:10     | Reached skill level 10 in Hexes
  6831 | D:10     | Reached skill level 10 in Summonings
  6831 | D:10     | Reached skill level 10 in Necromancy
  6831 | D:10     | Reached skill level 10 in Translocations
  6831 | D:10     | Reached skill level 10 in Fire Magic
  6831 | D:10     | Reached skill level 10 in Ice Magic
  6831 | D:10     | Reached skill level 10 in Air Magic
  6831 | D:10     | Reached skill level 10 in Earth Magic
  6831 | D:10     | Reached skill level 10 in Alchemy
  6834 | D:10     | Killed Sonja
  6841 | D:10     | Reached ** piety under Makhleb
  6973 | D:10     | Found a staircase to the Lair.
  7242 | D:8      | Found a flagged portal.
  7276 | D:8      | Reached XP level 11. HP: 71/82 MP: 0/0
  7276 | D:8      | Learned a level 5 spell: Irradiate
  7288 | Bailey   | Entered a bailey
  7412 | Bailey   | Reached *** piety under Makhleb
  7438 | Bailey   | Noticed a vault guard
  7452 | Bailey   | Killed a vault guard
  7452 | Bailey   | Noticed a vault guard
  7467 | Bailey   | Killed a vault guard
  7470 | Bailey   | Noticed Prince Ribbit
  7473 | Bailey   | Killed Prince Ribbit
  7682 | D:8      | Found a glowing golden altar of the Shining One.
  7793 | D:8      | Found a basalt altar of Yredelemnul.
  7899 | D:8      | Reached skill level 5 in Dodging
  8285 | D:7      | Identified the +1 robe "Hoogu" {^Drain rPois SInv}
  8319 | D:7      | Noticed Maurice
  8371 | D:7      | Killed Maurice
  8372 | D:7      | Reached skill level 1 in Invocations
  8647 | D:7      | Noticed Joseph
  8661 | D:7      | Killed Joseph
  8910 | D:1      | Bought a smoky yellow potion for 27 gold pieces
  8910 | D:1      | Bought a scroll labelled WETAAFOLOSM for 30 gold pieces
  9249 | D:10     | Identified the +0 chain mail of the Trombone {rC+}
  9327 | D:10     | Noticed Fannar
  9347 | D:10     | Killed Fannar
  9576 | Lair:1   | Entered Level 1 of the Lair of Beasts
  9652 | Lair:1   | Reached XP level 12. HP: 86/91 MP: 0/0
  9657 | Lair:1   | Reached **** piety under Makhleb
  9657 | Lair:1   | Noticed Grum
  9660 | Lair:1   | Killed Grum
  9688 | Lair:1   | Reached skill level 10 in Fighting
  9966 | Lair:1   | Reached ***** piety under Makhleb
 10684 | Lair:2   | Noticed Harold
 10694 | Lair:2   | Killed Harold
 10756 | Lair:2   | Noticed a skyshark
 10760 | Lair:2   | Killed a skyshark
 10761 | Lair:2   | Reached skill level 5 in Invocations
 10768 | Lair:2   | Reached XP level 13. HP: 96/98 MP: 0/0
 10768 | Lair:2   | Learned a level 5 spell: Summon Mana Viper
 10841 | Lair:2   | Found a hole to the Spider Nest.
 11568 | Lair:3   | Noticed a five-headed hydra
 11577 | Lair:3   | Killed a five-headed hydra
 12207 | Lair:3   | Found a staircase to the Shoals.
 12443 | Lair:4   | Noticed a six-headed hydra
 12452 | Lair:4   | Killed a six-headed hydra
 12497 | Lair:4   | Found a staircase to the Slime Pits.
 13490 | Lair:4   | Killed from afar by an oklob plant

Illustrated notes

Levels and vault maps discovered:
D:1:      scummos_arrival_simple_fountains, layout_basic, serial_shops, shop,
          nicolae_shop_mannequins, shop,
          dreamdust_ecumenical_altar_hidden_monk_grotto, nrook_uturn,
          minivault_14
D:2:      layout_basic, serial_shops, shop, nicolae_houndstooth_variations,
          uniq_crazy_yiuf_cottage, uniq_terence
D:3:      layout_basic, nicolae_wu_jian_immortal_techniques,
          kennysheep_generic_room_12, uniq_pargi, uniq_robin
D:4:      layout_cave_pools, serial_shops, shop
D:5:      layout_cave_pods, lemuel_round_altar, ashenzari_altar_1
D:6:      layout_basic, nicolae_overflow_crystal_walls,
          minmay_temple_entry_overgrown
D:7:      layout_basic, uniq_maggie, uniq_joseph, uniq_maurice
D:8:      layout_loops_corners, general_overflow_altar,
          yredelemnul_altar_generic, enter_bailey_5
D:9:      layout_cave_pods, serial_shops, kennysheep_little_box,
          minmay_misc_feat_five
D:10:     layout_irregular_city, minmay_lair_entry_grove, uniq_sonja,
          uniq_fannar
Temple:   nicolae_temple_bog_church
Lair:1:   layout_cave_pods, special_room [special_room_bee], uniq_grum
Lair:2:   layout_roguey, hellmonk_spider_entry_life_and_decay,
          serial_bayou_shore_a, uniq_harold
Lair:3:   layout_gridlike, mainiacjoe_shoals_entry_four_pools
Lair:4:   layout_regular_city, minmay_slime_entry_oklob_enclosed, st_stairs_12

Skill      XL: |  1  2  3  4  5  6  7  8  9 10 11 12 13 |
---------------+----------------------------------------+-----
Fighting       | 1 2 3 4 5 7 8 9 10 11 | 11.6
Spellcasting   | 4 5 6 7 9 10 11 12 13 | 13.4
Conjurations   | 4 5 6 7 9 10 11 12 13 | 13.4
Hexes          | 4 5 6 7 9 10 11 12 13 | 13.4
Summonings     | 4 5 6 7 9 10 11 12 13 | 13.4
Necromancy     | 4 5 6 7 9 10 11 12 13 | 13.4
Translocations | 4 5 6 7 9 10 11 12 13 | 13.4
Fire Magic     | 4 5 6 7 9 10 11 12 13 | 13.4
Ice Magic      | 4 5 6 7 9 10 11 12 13 | 13.4
Air Magic      | 4 5 6 7 9 10 11 12 13 | 13.4
Earth Magic    | 4 5 6 7 9 10 11 12 13 | 13.4
Alchemy        | 4 5 6 7 9 10 11 12 13 | 13.4
Dodging        | 5 7 9 |  9.2
Invocations    | 2 5 6 |  6.8
Stealth        | |  1.5

Action                     |  1- 3 |  4- 6 |  7- 9 | 10-12 | 13-15 || total
---------------------------+-------+-------+-------+-------+-------++-------
  Melee: War axe           |       |       |    11 |     8 |       ||    19
         Unarmed           |       |       |       |    12 |       ||    12
   Cast: Magic Dart        |    33 |    67 |    47 |    53 |    17 ||   217
         Searing Ray       |     5 |    18 |    20 |    57 |    31 ||   131
         Freeze            |       |     3 |       |       |       ||     3
         Iskenderun's Myst |       |     4 |    31 |   105 |    82 ||   222
         Fulminant Prism   |       |     1 |    13 |    30 |    19 ||    63
         Summon Blazeheart |       |       |       |     3 |       ||     3
         Irradiate         |       |       |       |     2 |       ||     2
 Invoke: Lesser Servant of |       |       |       |     1 |       ||     1
    Use: Scroll            |       |     8 |     5 |     7 |     2 ||    22
   Stab: Confused          |       |       |       |     4 |       ||     4
 Armour: Robe              |       |     1 |       |       |       ||     1
         Animal skin       |       |     2 |    14 |       |       ||    16
         Troll leather arm |       |       |     8 |    59 |    31 ||    98
         Skin              |       |       |       |     1 |       ||     1
  Dodge: Dodged            |     1 |    10 |    19 |    62 |    13 ||   105
  Block: Other             |       |       |       |     2 |       ||     2
